 Dungeon Crawl Stone Soup version 0.30.1-4-g462c640d31 (webtiles) character file.

Game seed: 18302148044285677279

5 elmdor the Shield-Bearer (level 1, 14/14 HPs)
             Began as a Gargoyle Fighter on Sept 4, 2023.
             Quit the game on level 1 of the Dungeon.
             The game lasted 00:01:41 (122 turns).

elmdor the Shield-Bearer (Gargoyle Fighter)          Turns: 122, Time: 00:01:42

Health: 14/14      AC:  9    Str: 19    XL:     1   Next: 80%
Magic:  1/1        EV:  9    Int:  8    God:
Gold:   18         SH:  4    Dex:  9    Spells: 0/0 levels left

rFire   . . .        a - +0 flail
rCold   . . .        c - +0 buckler
rNeg    + . .        b - +0 scale mail
rPois   ∞            (no helmet)
rElec   +            (no cloak)
rCorr   .            (no gloves)
SInv    .            (no boots)
Will    .....        (no amulet) Stlth
                     (no ring)
HPRegen 0.22/turn    (no ring)
MPRegen 0.07/turn

%: no passive effects
@: no status effects
A: sickness immunity, AC +2, negative energy resistance 1, electricity
resistance, torment resistance 1, petrification resistance
a: no special abilities


You were on level 1 of the Dungeon.
You visited 1 branch of the dungeon, and saw 1 of its levels.

You collected 18 gold pieces.

Inventory:

Hand Weapons
 a - a +0 flail (weapon)
Armour
 b - a +0 scale mail (worn)
 c - a +0 buckler (worn)
Scrolls
 f - a scroll of amnesia {unknown}
Potions
 d - a potion of might
 e - a potion of haste {unknown}


   Skills:
 - Level 3.2 Fighting
 + Level 2.5 Maces & Flails
 - Level 3.2 Armour
 - Level 3.2 Shields


You couldn't memorise any spells.
You didn't know any spells.
Your spell library was empty.

Dungeon Overview and Level Annotations

Branches:
Dungeon (1/15)

Altars:


Innate Abilities, Weirdness & Mutations

You are immune to sickness and miasma.
Your stone body is resilient. (AC +2)
You are immune to poison.
You resist negative energy. (rN+)
You are resistant to electric shocks. (rElec)
You are resistant to unholy torment.
You are immune to petrification.


Message History

You block the bat's attack.
You closely miss the bat. The bat closely misses you.
The bat hits you but does no damage. x3
The bat attacks as you move away! The bat hits you but does no damage.
The bat barely misses you. You block the bat's attack.
The rat closely misses you. The bat hits you but does no damage.
The bat hits you but does no damage. You block the bat's attack.
The rat attacks as you move away! The rat bites you but does no damage.
The bat barely misses you. You block the bat's attack.
You sock the bat!
You kill the bat!
You hit the rat but do no damage. The rat bites you but does no damage.
The rat closely misses you.
You hit the rat but do no damage. The rat bites you but does no damage.
You hit the rat.
The rat is moderately wounded.
The rat bites you but does no damage.
You barely miss the rat.
The rat is moderately wounded.
The rat closely misses you.
You hit the rat.
You kill the rat!
The bat hits you but does no damage. The bat barely misses you.
You closely miss the giant cockroach.
The giant cockroach bites you but does no damage.
You hit the giant cockroach.
You kill the giant cockroach!
The bat barely misses you. x2
The bat hits you but does no damage. x2
The bat hits you but does no damage.
You sock the bat!
You kill the bat!
No target in view!
You see here a bat corpse.
Save game and exit?
Welcome back, elmdor the Gargoyle Fighter.
Press ? for a list of commands and other information.
Are you sure you want to abandon this character and quit the game? (Confirm with "yes".)

# .... # # .... # .# #
... # ####.####. #.#
#####.........##.#
.................#####[#
#####.##.### #.........
.# #.......# #..####...
.# #.......# #.@.......
.###.......# #.####....
...........# #.# ...
####.......# ##.###..#
#.......# #.......#
#.......# #..###.###
#.##.######.........
####.##.####...####.###
...........#.#......#


There were no monsters in sight!

Vanquished Creatures
  A giant cockroach (D:1)
  A ball python (D:1)
  3 bats (D:1)
  A rat (D:1)
6 creatures vanquished.

Notes
Turn   | Place    | Note
-------+----------+-------------------------------------------
     0 | D:1      | elmdor the Gargoyle Fighter began the quest for the Orb.
     0 | D:1      | Reached XP level 1. HP: 14/14 MP: 1/1
   122 | D:1      | Quit the game

Illustrated notes

Levels and vault maps discovered:
D:1:      saegor_arrival_simple_b, layout_loops_ring

Action                     || total
---------------------------++-------
  Melee: Flail             ||    16
 Armour: Scale mail        ||    21
  Dodge: Dodged            ||    17
  Block: Buckler           ||     7
